 Dungeon Crawl Stone Soup version 0.27.1-35-g4d5d836560 (webtiles) character file.

Game seed: 7663206207286970176

109 cbfl8 the Slasher (level 4, -2/41 HPs)
             Began as a Minotaur Monk on Apr 20, 2022.
             Killed by nerve-wracking pain
             ... invoked by an orc priest
              (10 damage)
             ... on level 3 of the Dungeon on Apr 21, 2022.
             The game lasted 00:05:42 (1491 turns).

cbfl8 the Slasher (Minotaur Monk)                   Turns: 1491, Time: 00:05:43

Health: -2/41      AC:  9    Str: 13 (16) XL:     4   Next: 59%
Magic:  3/3        EV:  6    Int:  5 (7)  God:
Gold:   58         SH:  0    Dex: 12 (13) Spells: 3/3 levels left

rFire    . . .     SeeInvis .   a - +0 falchion
rCold    . . .     Faith    .   (no shield)
rNeg     . . .     Spirit   .   h - +0 chain mail
rPois    .         Reflect  .   (helmet restricted)
rElec    .         Harm     .   (no cloak)
rCorr    .         Rampage  .   g - +0 pair of gloves
Will     .....                  (no boots)
Stlth    ..........             (no amulet)
HPRegen  0.13/turn              (no ring)
MPRegen  0.08/turn              (no ring)

@: no status effects
A: horns 2, retaliatory headbutt
a: no special abilities


You were on level 3 of the Dungeon.
You visited 1 branch of the dungeon, and saw 3 of its levels.

You collected 58 gold pieces.

Inventory:

Hand Weapons
 a - a +0 falchion (weapon)
Armour
 b - a +0 robe
 f - a +0 ring mail
 g - a +0 pair of gloves (worn)
 h - a +0 chain mail (worn)
Potions
 c - 2 potions of haste {unknown}
 d - 2 potions of degeneration
 e - a potion of magic {unknown}


   Skills:
 + Level 4.4 Fighting
 + Level 5.0 Long Blades
 + Level 0.6 Armour
 + Level 3.9 Dodging
 + Level 2.0 Stealth


You had 3 spell levels left.
You didn't know any spells.
Your spell library contained the following spells:

 Spells                   Type           Power      Damage    Failure   Level
 Slow                     Hex            0%         N/A       100%        2
 Confusing Touch          Hex            0%         N/A       100%        3
 Yara's Violent Unravell  Hex/Tmut       0%         3d3       100%        5


Dungeon Overview and Level Annotations

Branches:
Dungeon (3/15)

Altars:


Innate Abilities, Weirdness & Mutations

You have a pair of horns on your head.
You reflexively headbutt those who attack you in melee.


Message History

An orc priest comes into view. It is wielding a +0 whip.
The orc barely misses you. You furiously retaliate!
You headbutt the orc!
You kill the orc!
The orc priest shouts!
You hear a shout!
The orc priest barely misses you. You furiously retaliate!
You headbutt the orc priest.
An orc priest comes into view. It is wielding a +0 whip.
You see here a +0 flail.
The orc priest barely misses you. You furiously retaliate!
You headbutt the orc priest!
You riposte.
You hit the orc priest but do no damage.
The orc priest is almost dead.
The orc priest looks satisfied for a moment.
The orc priest barely misses you.
You riposte.
You hit the orc priest. Your headbutt misses the orc priest.
The orc priest is moderately wounded.
An orc comes into view. It is wielding a +0 club.
You closely miss the orc priest.
The orc priest is almost dead.
The orc priest hits you with a +0 whip.
The orc priest calls down the wrath of Beogh upon you.
Beogh smites you!
You hit the orc priest but do no damage.
The orc priest is almost dead.
The orc priest calls upon Beogh to heal the orc priest.
The orc priest's wounds heal themselves!
The orc priest closely misses you.
You riposte.
You hit the orc priest but do no damage.
You headbutt the orc priest.
The orc priest is moderately wounded.
It was a potion of degeneration.
There was something very wrong with that liquid.
You feel weakened.
You feel dopey.
You feel clumsy.
The orc priest mumbles some strange prayers to Beogh against you.
Pain shoots through your body!
* * * LOW HITPOINT WARNING * * *
The orc priest calls down the wrath of Beogh upon you.
Pain shoots through your body!
You die...

##.##.# ....#
...##.###...#####..#
......†.........#..#
.....#).....###.#..#
.#[..#.....###.....#
....##..#.#........##
..#.##..#.#.##>.....#
#...#..^............#
..#.##..........@...#
. #.##.#####)oo.##
#.........)#o##
####.#######.# #.# .#
#.. .. ###. ## .# #


You could see 2 orc priests and an orc.

Vanquished Creatures
  An orc priest (D:3)
  Jessica (D:2)
  2 adders
  A worm (D:2)
  2 orcs (D:3)
  4 bats
  3 endoplasms (D:2)
  A goblin (D:2)
  3 hobgoblins
  3 kobolds
  2 quokkas (D:2)
  3 ball pythons
  4 frilled lizards (D:2)
30 creatures vanquished.

Vanquished Creatures (others)
  A plant (D:2)
1 creature vanquished.

Grand Total: 31 creatures vanquished

Notes
Turn   | Place    | Note
-------+----------+-------------------------------------------
     0 | D:1      | cbfl8 the Minotaur Monk began the quest for the Orb.
     0 | D:1      | Reached XP level 1. HP: 19/19 MP: 0/0
   217 | D:1      | You fall into a shaft and drop 1 floor!
   246 | D:2      | Found a faded altar of an unknown god.
   688 | D:2      | Noticed Jessica
   704 | D:2      | Reached XP level 2. HP: 27/27 MP: 1/1
   706 | D:2      | Reached skill level 4 in Long Blades
   706 | D:2      | Killed Jessica
   707 | D:2      | Reached XP level 3. HP: 33/33 MP: 2/2
  1459 | D:3      | Reached XP level 4. HP: 37/41 MP: 3/3
  1482 | D:3      | Reached skill level 5 in Long Blades
  1491 | D:3      | Killed from afar by an orc priest

Illustrated notes

Levels and vault maps discovered:
D:1:      heliophobic_arrival_ceremonial_halls, layout_rooms, serial_forest,
          infiniplex_forest_lined_1, infiniplex_forest_clump_curved,
          infiniplex_forest_clump_small, infiniplex_forest_straight_4,
          infiniplex_forest_lined_ring
D:2:      layout_rooms, shapermc_ecumenical_altar_mp_urbaneastern,
          minmay_misc_feat_four_crosses, uniq_jessica
D:3:      layout_loops_ring, nicolae_dithmenos_through_a_glass_darkly,
          nicolae_vehumet_radiance, grunt_ministairs_9, moated_statue,
          minmay_vboxes

Skill      XL: |  1  2  3  4 |
---------------+-------------+-----
Long Blades    | 4 5 |  5.0
Fighting       | 4 |  4.4
Stealth        | 2 |  2.0
Armour         | |  0.6
Dodging        | |  3.9

Action                   |  1- 3 |  4- 6 || total
-------------------------+-------+-------++-------
Melee: Falchion          |    46 |    11 ||    57
       Headbutt          |     9 |     2 ||    11
  Use: Potion            |       |     1 ||     1
 Stab: Sleeping          |     1 |       ||     1
Armor: Chain mail        |    35 |       ||    35
       Ring mail         |     4 |       ||     4
Dodge: Dodged            |    28 |     6 ||    34
       Rpst.: Falchion   |     8 |     3 ||    11
